[ AOE2 MATCH · #477890507 ]
UnrankedDravidians vs Mongols
Player's team · LOSS
Rival team · WIN
[ REPLAY ANALYSIS · EXTRACTED FROM THE RECORDED GAME ]
Feudal
9:18
Castle
22:18
Imperial
43:53
| APM avg | 66.6 |
| APM peak | 121 |
| eAPM avg | 28.7 |
| Villagers / military | 125 / 192 |
Focus
⚔️ 47.8% · 🌾 52.2%
Skirmisher ×95 · Elephant Archer ×42 · Spearman ×35 · Battle Elephant ×6 · Trebuchet (Packed) ×5 · Archer ×4
Feudal
8:01
Castle
21:14
Imperial
41:18
| APM avg | 78.9 |
| APM peak | 121 |
| eAPM avg | 38.0 |
| Villagers / military | 185 / 166 |
Focus
⚔️ 39.5% · 🌾 60.5%
Skirmisher ×39 · Knight ×38 · Mangudai ×32 · Archer ×25 · Scout Cavalry ×19 · Monk ×4
Match map
Initial resources + every placement click. Lines = walls · curves = elevation contours. ◆ gold · ⬟ stone · ● berries · ✦ relic · ◌ wall gap
Your base· Open — unwalled flank
Old Time's base· ✓ Closed at 21:14 · 36t walls · 2 gate(s)
Smoothed initial terrain · ◌ = detected wall gap · hover for details
Inputs per minute
— Insomniac987 - - Old Time
Build order — Insomniac987
First 150 of 481 actions detected
| 0:00 | Create | Villager (Male) |
| 0:01 | Create | Villager (Male) |
| 0:02 | Build | House |
| 0:03 | Build | House |
| 0:07 | Create | Villager (Male) |
| 0:09 | Create | Villager (Male) |
| 1:37 | Create | Villager (Male) |
| 1:37 | Create | Villager (Male) |
| 1:52 | Build | Lumber Camp |
| 1:58 | Create | Villager (Male) |
| 2:16 | Create | Villager (Male) |
| 2:40 | Create | Villager (Male) |
| 3:01 | Create | Villager (Male) |
| 3:29 | Create | Villager (Male) |
| 3:58 | Build | House |
| 4:01 | Create | Villager (Male) |
| 4:21 | Build | Mill |
| 4:33 | Create | Villager (Male) |
| 4:45 | Create | Villager (Male) |
| 5:14 | Create | Villager (Male) |
| 5:28 | Create | Villager (Male) |
| 5:58 | Build | Barracks |
| 6:00 | Create | Villager (Male) |
| 6:10 | Research | Loom |
| 6:21 | Build | House |
| 6:28 | Build | Palisade Wall |
| 7:08 | Research | Feudal Age |
| 7:08 | Research | Feudal Age |
| 7:34 | Create | Militia |
| 7:34 | Create | Militia |
| 7:49 | Build | House |
| 8:06 | Build | Palisade Wall |
| 8:11 | Build | House |
| 8:51 | Create | Militia |
| 8:55 | Build | Mining Camp |
| 8:58 | Create | Villager (Male) |
| 9:18 | Age | Feudal Age |
| 9:21 | Research | Man-at-Arms (upgrade) |
| 9:27 | Research | Double-Bit Axe |
| 9:32 | Build | Archery Range |
| 9:38 | Build | Archery Range |
| 9:47 | Create | Villager (Male) |
| 9:47 | Create | Villager (Male) |
| 9:59 | Build | Palisade Wall |
| 9:59 | Build | Palisade Wall |
| 10:21 | Build | Palisade Wall |
| 10:25 | Create | Villager (Male) |
| 10:57 | Create | Skirmisher |
| 10:57 | Create | Skirmisher |
| 11:00 | Build | Farm |
| 11:01 | Build | Farm |
| 11:04 | Build | Farm |
| 11:23 | Build | Farm |
| 11:24 | Create | Villager (Male) |
| 11:25 | Create | Archer |
| 11:47 | Create | Skirmisher |
| 11:51 | Create | Archer |
| 11:52 | Create | Villager (Male) |
| 12:01 | Create | Skirmisher |
| 12:07 | Create | Villager (Male) |
| 12:10 | Build | Farm |
| 12:10 | Build | Farm |
| 12:11 | Build | Farm |
| 12:35 | Create | Skirmisher |
| 12:35 | Create | Villager (Male) |
| 12:42 | Build | Blacksmith |
| 12:55 | Build | House |
| 13:11 | Create | Villager (Male) |
| 13:14 | Build | House |
| 13:15 | Create | Villager (Male) |
| 13:25 | Build | Farm |
| 13:35 | Create | Skirmisher |
| 13:47 | Build | House |
| 13:58 | Research | Fletching |
| 13:58 | Research | Fletching |
| 14:08 | Research | Town Watch |
| 14:12 | Build | Farm |
| 14:12 | Build | Farm |
| 14:13 | Create | Villager (Male) |
| 15:03 | Build | Farm |
| 15:04 | Build | Farm |
| 15:06 | Research | Wheelbarrow |
| 15:09 | Build | House |
| 15:10 | Create | Archer |
| 15:16 | Create | Militia |
| 15:21 | Create | Archer |
| 15:24 | Build | Farm |
| 15:27 | Build | Farm |
| 15:34 | Create | Spearman |
| 15:38 | Build | House |
| 15:57 | Create | Villager (Male) |
| 16:00 | Build | Farm |
| 16:12 | Create | Villager (Male) |
| 16:44 | Build | Farm |
| 16:57 | Build | Farm |
| 16:59 | Build | House |
| 17:05 | Create | Villager (Male) |
| 17:20 | Build | Farm |
| 17:21 | Create | Villager (Male) |
| 17:57 | Create | Villager (Male) |
| 18:25 | Build | Archery Range |
| 18:37 | Create | Skirmisher |
| 19:10 | Research | Padded Archer Armor |
| 19:12 | Create | Skirmisher |
| 19:12 | Create | Skirmisher |
| 19:13 | Create | Skirmisher |
| 19:34 | Build | Farm |
| 19:36 | Create | Skirmisher |
| 19:36 | Create | Skirmisher |
| 19:36 | Create | Skirmisher |
| 19:38 | Research | Castle Age |
| 19:47 | Create | Skirmisher |
| 19:47 | Create | Skirmisher |
| 19:49 | Create | Villager (Male) |
| 20:06 | Create | Skirmisher |
| 20:29 | Create | Skirmisher |
| 20:29 | Create | Skirmisher |
| 20:53 | Build | Lumber Camp |
| 21:08 | Build | House |
| 22:10 | Build | Lumber Camp |
| 22:18 | Age | Castle Age |
| 22:22 | Research | Elite Skirmisher (upgrade) |
| 22:22 | Research | Elite Skirmisher (upgrade) |
| 22:24 | Research | Bodkin Arrow |
| 22:24 | Research | Bow Saw |
| 22:25 | Create | Villager (Male) |
| 22:41 | Research | Horse Collar |
| 22:43 | Research | Gold Mining |
| 22:44 | Create | Villager (Male) |
| 22:49 | Create | Skirmisher |
| 22:49 | Create | Skirmisher |
| 22:57 | Create | Skirmisher |
| 22:57 | Create | Skirmisher |
| 22:57 | Create | Skirmisher |
| 23:07 | Research | Leather Archer Armor |
| 23:33 | Create | Skirmisher |
| 23:34 | Create | Skirmisher |
| 23:34 | Create | Villager (Male) |
| 23:38 | Build | Town Center |
| 23:43 | Create | Skirmisher |
| 23:44 | Create | Villager (Male) |
| 23:53 | Create | Villager (Male) |
| 24:10 | Create | Skirmisher |
| 24:10 | Create | Skirmisher |
| 24:13 | Build | House |
| 24:15 | Build | Farm |
| 24:37 | Create | Villager (Male) |
| 24:40 | Build | University |
| 24:49 | Build | Farm |
| 24:52 | Create | Skirmisher |
Build order — Old Time
First 150 of 602 actions detected
| 0:00 | Create | Villager (Male) |
| 0:02 | Build | House |
| 0:02 | Build | House |
| 0:11 | Create | Villager (Male) |
| 0:23 | Create | Villager (Male) |
| 0:27 | Create | Villager (Male) |
| 1:19 | Create | Villager (Male) |
| 1:52 | Build | Lumber Camp |
| 1:57 | Create | Villager (Male) |
| 1:57 | Create | Villager (Male) |
| 2:11 | Create | Villager (Male) |
| 2:27 | Create | Villager (Male) |
| 2:53 | Create | Villager (Male) |
| 3:00 | Create | Villager (Male) |
| 3:20 | Build | House |
| 3:23 | Build | House |
| 3:33 | Create | Villager (Male) |
| 3:38 | Create | Villager (Male) |
| 3:46 | Create | Villager (Male) |
| 4:29 | Create | Villager (Male) |
| 4:53 | Build | Barracks |
| 4:55 | Create | Villager (Male) |
| 5:37 | Build | House |
| 5:47 | Research | Feudal Age |
| 5:59 | Create | Militia |
| 5:59 | Create | Militia |
| 6:11 | Create | Militia |
| 6:22 | Create | Militia |
| 6:28 | Build | Mining Camp |
| 7:20 | Build | House |
| 7:21 | Build | Palisade Wall |
| 7:45 | Build | Palisade Wall |
| 7:52 | Research | Loom |
| 7:56 | Create | Villager (Male) |
| 8:01 | Age | Feudal Age |
| 8:06 | Research | Double-Bit Axe |
| 8:06 | Research | Double-Bit Axe |
| 8:24 | Create | Villager (Male) |
| 8:26 | Build | Archery Range |
| 8:48 | Create | Villager (Male) |
| 9:23 | Create | Archer |
| 9:24 | Create | Archer |
| 9:25 | Build | Palisade Wall |
| 9:35 | Create | Villager (Male) |
| 9:49 | Create | Villager (Male) |
| 10:03 | Create | Archer |
| 10:21 | Create | Villager (Male) |
| 10:25 | Build | Palisade Gate |
| 10:25 | Build | Palisade Wall |
| 10:34 | Create | Villager (Male) |
| 10:35 | Create | Archer |
| 10:44 | Create | Villager (Male) |
| 10:59 | Create | Archer |
| 11:05 | Build | Blacksmith |
| 11:08 | Build | House |
| 11:19 | Create | Villager (Male) |
| 11:26 | Build | Mill |
| 11:32 | Create | Archer |
| 11:37 | Build | House |
| 11:46 | Create | Villager (Male) |
| 12:08 | Create | Villager (Male) |
| 12:10 | Build | Farm |
| 12:10 | Build | Farm |
| 12:10 | Build | Farm |
| 12:10 | Build | Farm |
| 12:11 | Build | Farm |
| 12:30 | Create | Villager (Male) |
| 12:35 | Create | Archer |
| 12:37 | Build | Farm |
| 12:48 | Build | House |
| 12:55 | Create | Villager (Male) |
| 12:57 | Create | Archer |
| 13:06 | Build | Palisade Wall |
| 13:18 | Build | House |
| 13:19 | Build | Palisade Wall |
| 13:24 | Research | Fletching |
| 13:24 | Research | Fletching |
| 13:31 | Create | Archer |
| 13:39 | Build | Farm |
| 13:42 | Build | Farm |
| 13:57 | Create | Villager (Male) |
| 13:59 | Create | Archer |
| 14:17 | Create | Villager (Male) |
| 14:19 | Build | Farm |
| 14:29 | Create | Villager (Male) |
| 15:04 | Create | Archer |
| 15:07 | Create | Villager (Male) |
| 15:16 | Build | Farm |
| 15:22 | Create | Archer |
| 15:28 | Build | Farm |
| 15:31 | Build | Lumber Camp |
| 15:38 | Build | Farm |
| 15:38 | Create | Villager (Male) |
| 15:43 | Create | Archer |
| 15:45 | Create | Villager (Male) |
| 16:09 | Build | House |
| 16:15 | Build | Farm |
| 16:18 | Create | Villager (Male) |
| 16:43 | Create | Villager (Male) |
| 16:50 | Create | Archer |
| 17:02 | Build | Market |
| 17:03 | Create | Villager (Male) |
| 17:17 | Create | Archer |
| 17:31 | Build | House |
| 17:31 | Build | House |
| 17:32 | Build | House |
| 17:37 | Create | Villager (Male) |
| 17:41 | Build | Gate |
| 17:51 | Create | Villager (Male) |
| 17:52 | Build | Farm |
| 18:26 | Create | Archer |
| 18:34 | Research | Castle Age |
| 18:43 | Build | Lumber Camp |
| 19:21 | Create | Archer |
| 19:33 | Build | Farm |
| 19:36 | Create | Archer |
| 19:47 | Research | Horse Collar |
| 19:48 | Research | Gold Mining |
| 19:48 | Research | Gold Mining |
| 19:50 | Create | Archer |
| 20:03 | Build | Farm |
| 20:09 | Create | Archer |
| 20:18 | Research | Padded Archer Armor |
| 20:39 | Build | Stable |
| 20:43 | Research | Scale Barding Armor |
| 20:48 | Create | Archer |
| 21:12 | Create | Villager (Male) |
| 21:14 | Age | Castle Age |
| 21:15 | Research | Bodkin Arrow |
| 21:15 | Research | Bodkin Arrow |
| 21:18 | Research | Crossbowman (upgrade) |
| 21:26 | Create | Knight |
| 21:30 | Create | Villager (Male) |
| 21:34 | Build | Monastery |
| 22:04 | Create | Knight |
| 22:05 | Create | Villager (Male) |
| 22:06 | Create | Archer |
| 22:07 | Create | Villager (Male) |
| 22:14 | Build | Farm |
| 22:17 | Create | Monk |
| 22:19 | Create | Archer |
| 22:23 | Create | Villager (Male) |
| 22:35 | Create | Villager (Male) |
| 22:41 | Build | Town Center |
| 22:47 | Create | Archer |
| 22:49 | Create | Villager (Male) |
| 22:58 | Build | Farm |
| 22:58 | Build | Farm |
| 23:00 | Create | Knight |
| 23:09 | Create | Villager (Male) |
Match timeline
| 4:53 | Old Time · first_building Barracks |
| 5:58 | Insomniac987 · first_building Barracks |
| 6:28 | Insomniac987 · wall_segment Palisade Wall x1 |
| 7:21 | Old Time · wall_segment Palisade Wall x1 |
| 7:45 | Old Time · wall_segment Palisade Wall x5 |
| 8:01 | Old Time · age_up feudal |
| 8:06 | Insomniac987 · wall_segment Palisade Wall x1 |
| 8:26 | Old Time · first_building Archery Range |
| 9:18 | Insomniac987 · age_up feudal |
| 9:25 | Old Time · wall_segment Palisade Wall x7 |
| 9:32 | Insomniac987 · first_building Archery Range |
| 9:59 | Insomniac987 · wall_segment Palisade Wall x1 |
| 9:59 | Insomniac987 · wall_segment Palisade Wall x1 |
| 10:21 | Insomniac987 · wall_segment Palisade Wall x1 |
| 10:25 | Old Time · wall_segment Palisade Wall x3 |
| 13:06 | Old Time · wall_segment Palisade Wall x13 |
| 13:19 | Old Time · wall_segment Palisade Wall x7 |
| 18:12 | Old Time · first_market_buy 100 food |
| 18:12 | Old Time · first_market_sell 100 wood |
| 20:39 | Old Time · first_building Stable |
| 21:14 | Old Time · age_up castle |
| 21:34 | Old Time · first_building Monastery |
| 22:18 | Insomniac987 · age_up castle |
| 24:45 | Old Time · wall_segment Palisade Wall x1 |
| 26:54 | Old Time · first_building Siege Workshop |
| 30:48 | Insomniac987 · first_building Monastery |
| 31:04 | Insomniac987 · first_building Stable |
| 33:08 | Insomniac987 · wall_segment Palisade Wall x1 |
| 34:02 | Old Time · first_building Castle |
| 40:00 | Insomniac987 · first_building Castle |
| 40:37 | Insomniac987 · first_market_buy 100 food |
| 40:41 | Insomniac987 · first_market_sell 100 wood |
| 41:18 | Old Time · age_up imperial |
| 43:53 | Insomniac987 · age_up imperial |
| 49:19 | Insomniac987 · resign |
[ AI ANALYSIS · 1 CREDIT ]
What really happened in this match?
Wolo.gg analyzes every decision: build order, eco, micro, common mistakes by bracket. Personalized analysis on WhatsApp or Discord in 30 seconds.
Civ guide
Dravidians
Perfil
Jugador #547863